 Dungeon Crawl Stone Soup version 0.20-a0-454-g2b43fbb (webtiles) character file.

2669 Duffy the Fighter (level 9, 38/93 HPs)
             Began as a Naga Wanderer on Dec 31, 2016.
             Was a Believer of Makhleb.
             Quit the game on level 9 of the Dungeon on Jan 9, 2017.
             The game lasted 00:22:33 (10567 turns).

Duffy the Fighter (Naga Wanderer)                  Turns: 10567, Time: 00:22:35

Health: 38/93      AC: 11    Str: 19    XL:     9   Next: 63%
Magic:  12/12      EV: 11    Int: 12    God:    Makhleb [**....]
Gold:   209        SH:  0    Dex: 13    Spells: 9/10 levels left

rFire  . . .     SeeInvis +     A - -3 whip (curse)
rCold  . . .     Gourm    .     o - +1 ring mail
rNeg   + . .     Faith    .     (no shield)
rPois  +         Spirit   +     d - +2 helmet
rElec  .         Reflect  .     v - +0 cloak
rCorr  .         Harm     .     (no gloves)
MR     +....                    (no barding)
Stlth  +.........               K - amulet of guardian spirit
                                n - +3 ring of dexterity
                                x - ring of positive energy

@: very slow
A: see invisible, deformed body, poison resistance, slowness 2, slow metabolism
1, spit poison 1, AC +3
a: Spit Poison, Minor Destruction, Renounce Religion


You were on level 9 of the Dungeon.
You worshipped Makhleb.
Makhleb was pleased with you.
You were not hungry.

You visited 2 branches of the dungeon, and saw 10 of its levels.

You collected 465 gold pieces.
You spent 256 gold pieces at shops.

Inventory:

Hand Weapons
 a - a +1 whip of venom
 b - a +0 blowgun
 u - a +4 quarterstaff of chaos
 y - a +0 flail
 A - a cursed -3 whip (weapon)
 F - a +3 short sword of draining
 H - a +0 morningstar
 N - a +3 war axe
Missiles
 c - 21 poisoned needles
Armour
 d - a +2 helmet (worn)
 o - a +1 ring mail (worn)
 v - a +0 cloak (worn)
 D - a +0 chain mail
 Q - a +0 pair of gloves
Jewellery
 l - a +3 amulet of reflection
 n - a +3 ring of dexterity (right hand)
 x - a ring of positive energy (left hand)
 K - an amulet of guardian spirit (around neck)
Wands
 s - a wand of polymorph (5/24)
 w - a wand of clouds (0/9)
Scrolls
 e - a scroll of enchant weapon
 g - a scroll of vulnerability
 i - a scroll of enchant armour
 k - 2 scrolls of fog
 p - a scroll of fear {unknown}
 B - a scroll of amnesia {unknown}
 G - a scroll of magic mapping {unknown}
 L - a scroll of random uselessness {unknown}
Potions
 h - 3 potions of curing
 j - 2 potions of lignification
 m - a potion of resistance
 q - a potion of might {unknown}
 z - a potion of flight {unknown}
 C - a potion of heal wounds {unknown}
 E - a potion of ambrosia {unknown}
 I - a potion of invisibility {unknown}
 J - a potion of cancellation {unknown}
 M - a potion of brilliance {unknown}
Miscellaneous
 O - a phantom mirror
Comestibles
 f - 5 bread rations
 r - a beef jerky


   Skills:
 - Level 10.0 Fighting
 - Level 1.0 Throwing
 + Level 2.6 Armour
 + Level 5.0 Dodging
 - Level 1.5 Stealth
 - Level 1.0 Spellcasting
   Level 2.0 Transmutations
 - Level 5.0 Evocations


You had 9 spell levels left.
You knew the following spells:

 Your Spells              Type           Power        Failure   Level  Hunger
l - Summon Small Mammal   Summ           #...         58%         1    ##.....


Dungeon Overview and Level Annotations

Branches:
Dungeon (9/15)             Temple (1/1) D:4
   Lair: D:8-11         Orc: D:9-12

Altars:
Ashenzari
Cheibriados
Dithmenos
Elyvilon
Fedhas
Gozag
Hepliaklqana
Kikubaaqudgha
Makhleb
Nemelex Xobeh
Okawaru
Qazlal
Ru
Sif Muna
Trog
Uskayaw
Vehumet
Xom
Yredelemnul
Zin

Shops:
D:6 [

Annotations:
D:7 exclusions: door and steam dragon
D:8 exclusion: 2 oklob saplings, Grum


Innate Abilities, Weirdness & Mutations

You cannot wear boots.
Your serpentine skin is tough. (AC +3)
You have supernaturally acute eyesight. (SInv)
Armour fits poorly on your strangely shaped body.
Your system is resistant to poisons. (rPois)
You cover ground very slowly.
You have a slow metabolism.
You can spit poison.


Message History

The worker ant bites you.
The howler monkey hoots and howls with incredible vigour!
The quasit bites you but does no damage.
The quasit claws you but does no damage.
The quasit completely misses you. The quasit barely misses you. x2
The quasit closely misses you. The quasit misses you.
The quasit barely misses you. x2
The howler monkey hoots and howls with incredible vigour!
The howler monkey hoots and howls with incredible vigour!
The quasit bites you but does no damage.
The quasit barely misses you. The quasit closely misses you.
The ogre misses you. The worker ant barely misses you.
Found a scroll of teleportation.
The howler monkey hoots and howls with incredible vigour!
The crimson imp blinks!
Save game and exit?
Welcome back, Duffy the Naga Wanderer.
Blood and souls for Makhleb!
Press ? for a list of commands and other information.
Are you sure you want to abandon this character and quit the game? (Confirm with "yes".)

##.##. ###.
#...... ....
#...>?. ....
#...... ...
#.....# ..#
#.....##..##
#.........#
##...5@....#
#...Oh##..##
#..?h5##..## .
#....h.....#..
#..0.......'..
##........####
##.....>..#
#..5..%...#
#.........#.


You could see an ogre, 3 howler monkeys, 2 quasits and a crimson imp.

Vanquished Creatures
  Menkaure (D:6)
  Duvessa (D:5)
  A black bear (D:6)
  2 wolves (D:7)
  2 phantoms
  4 ogres
  A big kobold (D:7)
  4 bullfrogs
  Dowan (D:5)
  A water moccasin skeleton (D:4)
  A scorpion (D:4)
  5 killer bees
  2 wights (D:8)
  4 crimson imps
  A hound (D:4)
  2 jellies (D:7)
  2 orc priests (D:4)
  A gnoll shaman (D:7)
  2 iguanas
  Natasha (D:2)
  3 orc wizards
  5 worker ants
  A hound zombie (D:8)
  9 gnolls
  A howler monkey skeleton (D:4)
  6 adders
  3 shadow imps
  An adder skeleton (D:5)
  A worm (D:4)
  2 dart slugs
  4 leopard geckos
  27 orcs
  2 giant cockroaches
  5 goblins
  2 hobgoblins
  6 jackals
  4 quokkas
  9 ball pythons
  A ball python skeleton (D:5)
  8 bats
  5 frilled lizards
  6 kobolds
  A leopard gecko skeleton (D:4)
  A quokka skeleton (D:4)
  9 rats
161 creatures vanquished.

Vanquished Creatures (collateral kills)
  2 frilled lizards (D:1)
2 creatures vanquished.

Vanquished Creatures (others)
  An orc (D:7)
  A plant (D:8)
2 creatures vanquished.

Grand Total: 165 creatures vanquished

Notes
Turn   | Place    | Note
-------+----------+-------------------------------------------
     0 | D:1      | Duffy the Naga Wanderer began the quest for the Orb.
     0 | D:1      | Duffy set off with: a book of Geomancy, the Compendium of Summoning, 11 poisoned needles, a +0 blowgun, a +0 robe, a bread ration
     0 | D:1      | Reached XP level 1. HP: 21/21 MP: 2/2
     2 | D:1      | Identified the Compendium of Summoning
     4 | D:1      | Learned a level 1 spell: Summon Small Mammal
   373 | D:1      | Reached XP level 2. HP: 28/28 MP: 3/3
  1157 | D:2      | Reached skill level 4 in Fighting
  1270 | D:2      | Reached XP level 3. HP: 36/36 MP: 4/4
  1350 | D:2      | Found an opulent altar of Gozag.
  1350 | D:2      | Found a shimmering altar of Xom.
  1351 | D:2      | Found a deep blue altar of Sif Muna.
  1352 | D:2      | Found a hide-covered altar of Uskayaw.
  1352 | D:2      | Found a basalt altar of Yredelemnul.
  1352 | D:2      | Found a radiant altar of Vehumet.
  1353 | D:2      | Found a hazy altar of Hepliaklqana.
  1453 | D:2      | Reached XP level 4. HP: 12/45 MP: 5/5
  2501 | D:3      | Reached skill level 5 in Fighting
  2577 | D:3      | Noticed Natasha
  2591 | D:2      | Killed Natasha
  2910 | D:3      | Found a runed door.
  3249 | D:3      | Noticed Crazy Yiuf
  3251 | D:3      | Noticed Crazy Yiuf
  3251 | D:3      | Crazy Yiuf changed into Crazy Yiuf the bullfrog
  3258 | D:3      | Killed Crazy Yiuf the bullfrog
  3258 | D:3      | Reached skill level 6 in Fighting
  3258 | D:3      | Reached XP level 5. HP: 26/55 MP: 6/6
  3492 | D:4      | Found a staircase to the Ecumenical Temple.
  3493 | D:4      | Noticed a phantom
  3535 | D:3      | Killed a phantom
  3535 | D:3      | Reached XP level 6. HP: 42/63 MP: 7/7
  3665 | Temple   | Entered the Ecumenical Temple
  3741 | Temple   | Became a worshipper of Makhleb the Destroyer
  4070 | D:4      | Reached skill level 7 in Fighting
  4733 | D:4      | Reached XP level 7. HP: 63/73 MP: 8/8
  4858 | D:4      | Reached * piety under Makhleb
  4858 | D:4      | Reached skill level 8 in Fighting
  5563 | D:5      | Entered Level 5 of the Dungeon
  5954 | D:5      | Reached skill level 9 in Fighting
  5981 | D:5      | Noticed Duvessa
  5983 | D:5      | Noticed Dowan
  6153 | D:5      | Killed Duvessa
  6153 | D:5      | Reached XP level 8. HP: 49/85 MP: 9/9
  6319 | D:5      | Killed Dowan
  6910 | D:6      | Reached skill level 10 in Fighting
  7110 | D:6      | Noticed Menkaure
  7121 | D:6      | Killed Menkaure
  7265 | D:6      | Found Tanaro's Antique Armour Boutique.
  7360 | D:6      | Bought a faintly humming helmet for 256 gold pieces
  7386 | D:5      | Identified the cursed +0 helmet of Salvation {+Fly} (You bought it in a shop on level 6 of the Dungeon)
  7603 | D:7      | Reached XP level 9. HP: 69/93 MP: 11/11
  8454 | D:7      | Reached skill level 5 in Evocations
  8458 | D:7      | Reached ** piety under Makhleb
  8566 | D:7      | Reached skill level 1 in Armour
  9123 | D:8      | Found a blossoming altar of Fedhas.
  9293 | D:8      | Noticed Grum
 10065 | D:8      | Reached skill level 5 in Dodging
 10567 | D:9      | Upgraded the game from 0.20-a0-420-g83c570d to 0.20-a0-454-g2b43fbb
 10567 | D:9      | Quit the game

Vault maps used:
D:1:      noname_arrival_rooms_in_the_neighbourhood, dk_noncrumbling_4
D:2:      grunt_temple_overflow_open
D:3:      uniq_crazy_yiuf_cottage, uniq_natasha
D:4:      serial_bayou_lake_a
D:5:      first_bread, uniq_duvessa
D:6:      serial_shops, shop_fountains, uniq_menkaure
D:8:      hangedman_pestilent_swarm, minmay_stone_trees_small,
          introduction_to_nature_1, uniq_grum
D:9:      nicolae_tso_swordbearing_angel, uniq_joseph
Temple:   dshaligram_water_room_temple

Skill      XL: |  1  2  3  4  5  6  7  8  9 |
---------------+----------------------------+-----
Fighting       | 4 6 7 9 10 | 10.0
Evocations     | 3 5 |  5.0
Dodging        | 3 5 |  5.0
Armour         | 2 |  2.6
Throwing       | |  1.0
Stealth        | |  1.5
Spellcasting   | |  1.0
Transmutations | |  2.0

Action                   |  1- 3 |  4- 6 |  7- 9 || total
-------------------------+-------+-------+-------++-------
Melee: Whip              |    51 |   149 |   359 ||   559
       Quarterstaff      |       |     7 |    49 ||    56
 Fire: Blowgun           |     7 |       |       ||     7
 Cast: Summon Small Mamm |     3 |       |       ||     3
 Abil: Spit Poison       |    21 |    22 |    58 ||   101
Evoke: Wand              |       |     2 |     3 ||     5
  Use: Scroll            |     3 |     4 |     9 ||    16
       Potion            |     1 |       |     2 ||     3
 Stab: Paralysed         |       |       |     4 ||     4
       Sleeping          |       |       |     1 ||     1
  Eat: Chunk             |     2 |     9 |     8 ||    19
       Pizza             |       |     1 |       ||     1
       Royal jelly       |       |       |     1 ||     1
       Meat ration       |       |       |     1 ||     1
       Beef jerky        |       |       |     2 ||     2
Armor: Robe              |     2 |       |       ||     2
       Ring mail         |    12 |    58 |   241 ||   311
Dodge: Dodged            |    42 |    64 |   276 ||   382
Block: Other             |       |    20 |    43 ||    63
       Reflection        |       |       |     2 ||     2
